 Dungeon Crawl Stone Soup version 0.28.0 (webtiles) character file.

Game seed: 9833824523932796138

134314 nojaa the Frost Mage (level 17, -5/133 HPs)
             Began as a Formicid Ice Elementalist on Feb 5, 2022.
             Was a Believer of Jiyva (penitent).
             Slain by Arachne (14 damage)
             ... on level 1 of the Spider Nest.
             The game lasted 03:08:48 (43344 turns).

nojaa the Frost Mage (Formicid Ice Elementalist)   Turns: 43344, Time: 03:08:48

Health: -5/133     AC: 10    Str: 14    XL:     17   Next: 74%
Magic:  17/31      EV: 16    Int: 22    God:    Jiyva [**....]
Gold:   2502       SH:  0    Dex: 11    Spells: 5/37 levels left

rFire   . . .      SeeInvis +   L - staff of earth
rCold   . . .      Faith    .   (shield unavailable)
rNeg    + . .      Spirit   .   m - +2 robe {Archmagi}
rPois   .          Reflect  .   (helmet unavailable)
rElec   .          Harm     .   w - scarf {repulsion}
rCorr   .          Rampage  .   R - +2 pair of gloves
Will    +....      Archmagi +   I - +2 pair of boots
Stlth   ..........              h - amulet of the acrobat
HPRegen 0.32/turn               (ring unavailable)
MPRegen 0.22/turn               o - ring of positive energy

@: lethally poisoned (-5 -> -7), silenced, unable to drink, repel missiles
A: permanent stasis, dig shafts and tunnels, antennae 3, missing a hand, no
stealth, inability to train armour, unskilled 1, missing an eye, four strong
arms
a: Dig, Shaft Self, Renounce Religion


You were on level 1 of the Spider Nest.
You worshipped Jiyva.
Jiyva was demanding penance.
You visited 7 branches of the dungeon, and saw 32 of its levels.

You collected 3908 gold pieces.
You spent 1406 gold pieces at shops.

Inventory:

Hand Weapons
 s - the +3 hunting sling of Vanity {speed, Int+2}
   (You found it on level 5 of the Dungeon)

   Attacks with this weapon are significantly faster.
   Int:       It affects your intelligence (+2).
 F - a +6 whip of flaming
 N - the +10 lajatang of Kedojeg {flame, +Blink Str+5 Dex-3}
   (You found it on level 12 of the Dungeon)

   It burns those it strikes, dealing additional fire damage.
   Big, fiery blades are also staple armaments of hydra-hunters.
   Str:       It affects your strength (+5).
   Dex:       It affects your dexterity (-3).
   +Blink:    It lets you blink.
Missiles
 g - 2 throwing nets
 p - 312 stones
 q - 29 poisoned darts (quivered)
 P - 2 curare-tipped darts
Armour
 m - a +2 robe of the Archmagi (worn)
 w - a scarf of repulsion (worn)
 I - a +2 pair of boots (worn)
 R - a +2 pair of gloves (worn)
Magical Staves
 L - a staff of earth (weapon)
Jewellery
 h - an amulet of the acrobat (around neck)
 n - an amulet of reflection
 o - a ring of positive energy (right hand)
 A - a ring of protection from cold
 M - an amulet of guardian spirit
Wands
 z - a wand of flame (8)
 D - a wand of digging (5)
 J - a wand of paralysis (4)
 T - a wand of polymorph (4)
Scrolls
 d - 4 scrolls of immolation
 i - 2 scrolls of holy word
 k - 3 scrolls of vulnerability
 l - a scroll of amnesia
 y - 2 scrolls of magic mapping
 B - a scroll of fear
 C - a scroll of identify
 O - a scroll of noise
 Q - a scroll of fog
 S - a scroll of brand weapon
Potions
 a - 3 potions of brilliance
 c - 4 potions of lignification
 e - 6 potions of curing
 f - 5 potions of flight
 r - 4 potions of mutation
 u - 2 potions of might
 v - 3 potions of cancellation
 x - 4 potions of attraction
 E - a potion of heal wounds
 G - 2 potions of degeneration
 H - a potion of magic
 U - 2 potions of resistance
Miscellaneous
 b - a phantom mirror
 K - a piece from Xom's chessboard (15/15)
 W - a phial of floods (inert)


   Skills:
 - Level 12.0 Fighting
 - Level 12.0 Dodging
 + Level 10.7 Spellcasting
 - Level 8.2 Conjurations
 * Level 14.7 Ice Magic
 - Level 5.1 Air Magic
 + Level 11.0 Earth Magic


You had 5 spell levels left.
You knew the following spells:

 Your Spells              Type           Power      Damage    Failure   Level
a - Freeze                Ice            100%       1d11      0%          1
b - Frozen Ramparts       Ice            100%       1d12      1%          3
c - Ozocubu's Armour      Ice            86%        N/A       1%          3
d - Hailstorm             Conj/Ice       76%        3d16      1%          4
e - Sandblast             Erth           100%       2d20      1%          1
f - Stone Arrow           Conj/Erth      100%       3d13      1%          3
g - Freezing Cloud        Conj/Ice/Air   34%        6-21      3%          5
h - Lee's Rapid Deconstr  Erth           47%        3d23*     1%          5
i - Ozocubu's Refrigerat  Ice            43%        4d13      12%         7

Your spell library contained the following spells:

 Spells                   Type           Power      Damage    Failure   Level
 Passwall                 Tmut/Erth      57%        N/A       1%          2
 Searing Ray              Conj           100%       2d8       1%          2
 Mephitic Cloud           Conj/Pois/Air  47%        N/A       2%          3
 Corpse Rot               Necr/Air       68%        N/A       3%          2
 Poisonous Vapours        Pois/Air       68%        N/A       3%          2
 Conjure Flame            Conj/Fire      44%        6-21      3%          3
 Dazzling Flash           Conj/Hex       88%        N/A       3%          3
 Animate Skeleton         Necr           34%        N/A       5%          1
 Apportation              Tloc           34%        N/A       5%          1
 Beastly Appendage        Tmut           34%        N/A       5%          1
 Pain                     Necr           68%        1d7       5%          1
 Sting                    Tmut/Pois      68%        1d6       5%          1
 Summon Small Mammal      Summ           68%        N/A       5%          1
 Iskenderun's Battlesphe  Conj           64%        2d11      5%          5
 Animate Armour           Summ/Erth      100%       N/A       6%          4
 Leda's Liquefaction      Hex/Erth       34%        N/A       6%          4
 Petrify                  Tmut/Erth      69%        N/A       6%          4
 Sublimation of Blood     Necr           17%        N/A       9%          2
 Wereblood                Tmut           17%        N/A       9%          2
 Sticky Flame             Conj/Fire      44%        2d6       11%         4
 Borgnjor's Vile Clutch   Necr/Erth      34%        N/A       16%         5
 Call Canine Familiar     Summ           17%        N/A       17%         3
 Ignite Poison            Fire/Tmut/Pois 17%        N/A       17%         3
 Portal Projectile        Hex/Tloc       34%        N/A       17%         3
 Spider Form              Tmut/Pois      17%        N/A       17%         3
 Summon Guardian Golem    Hex/Summ       17%        N/A       17%         3
 Tukima's Dance           Hex            17%        N/A       17%         3
 Irradiate                Conj/Tmut      22%        3d21      28%         5
 Olgreb's Toxic Radiance  Pois           17%        N/A       50%         4
 Passage of Golubria      Tloc           17%        N/A       50%         4
 Agony                    Necr           17%        N/A       83%         5
 Blade Hands              Tmut           8%         N/A       83%         5
 Excruciating Wounds      Necr           8%         N/A       83%         5
 Yara's Violent Unravell  Hex/Tmut       8%         3d5       83%         5
 Iron Shot                Conj/Erth      44%        9d9       17%         6
 Conjure Ball Lightning   Conj/Air       29%        3x3d8     50%         6
 Statue Form              Tmut/Erth      46%        N/A       65%         6
 Dispersal                Tloc           8%         N/A       100%        6
 Spellforged Servitor     Conj/Summ      22%        N/A       100%        7
 Disjunction              Tloc           8%         N/A       100%        8
 Ignition                 Fire           8%         3d5       100%        8
 Lehudib's Crystal Spear  Conj/Erth      44%        10d11     100%        8


Dungeon Overview and Level Annotations

Branches:
Dungeon (15/15)            Temple (1/1) D:6            Lair (6/6) D:9
  Swamp (0/4) Lair:4       Spider (2/4) Lair:4        Slime (5/5) Lair:5
    Orc (2/2) D:12            Elf (1/3) Orc:2        Vaults (0/5) D:14
 Depths (0/4) D:15

Altars:
Ashenzari
Cheibriados
Dithmenos
Elyvilon
Fedhas
Gozag
Hepliaklqana
Kikubaaqudgha
Makhleb
Nemelex Xobeh
Okawaru
Qazlal
Ru
Sif Muna
Trog
Uskayaw
Vehumet
Wu Jian
Xom
Yredelemnul
Zin
The Shining One
Beogh
Jiyva

Shops:
D:2 :   D:3 [   D:5 *   Orc:2 *(:[

Portals:
Trove: D:13 (give +3 fire dragon scales)

Annotations:
D:8 exclusion: acid dragon
D:11 exclusion: door
D:15 exclusion: downstairs
Spider:1 exclusion: downstairs, Arachne
Slime:2 Dissolution
Orc:2 waddelsworth's ghost, journeyman GrEE


Innate Abilities, Weirdness & Mutations

You cannot be hasted, slowed, berserked, paralysed or teleported.
You can dig through walls and to a lower floor.
You have a pair of large antennae on your head. (SInv)
You are missing a hand.
You cannot be stealthy.
You cannot train Armour skill.
You are somewhat unskilled. (-1 Apt)
You are missing an eye, making it more difficult to aim.
Your four strong arms can wield two-handed weapons with a shield.


Message History

Arachne's staff shoots out a stream of webbing.
The stream of webbing hits you but does no damage.
You are caught in a web!
The jorogumo completely misses you.
The culicivora hisses angrily.
You climb upwards.
Level annotation: exclusion: downstairs
There is a stone staircase leading down here.
Casting: Lee's Rapid Deconstruction (mildly dangerous; 1% risk of failure)
Confirm with . or Enter, or press ? or * to list all spells.
You feel a surge of power!
Really refrigerate near the jelly?
This attack would place you under penance!
The heat is drained from your surroundings.
You feel very cold.
The jelly and Arachne are frozen.
You kill the jelly!
That felt strangely unrewarding.
You feel very guilty. "You will pay for your transgression, mortal!"
Arachne is lightly wounded.
Arachne hits you with a staff of poison!!
Arachne envenoms you!
You are poisoned.
Casting: Ozocubu's Refrigeration (dangerous; 12% risk of failure)
Confirm with . or Enter, or press ? or * to list all spells.
You feel a surge of power!
The heat is drained from your surroundings.
You feel very cold.
Arachne is frozen.
Arachne is moderately wounded.
You feel sick.
Arachne hits you with a staff of poison!!
Arachne hits you with a staff of poison!
Arachne envenoms you!!
* * * LOW HITPOINT WARNING * * *
You are more poisoned.
You cannot drink potions in your current state!
Unknown command.
As you read the scroll of silence, it crumbles to dust.
A profound silence engulfs you.
You feel sick.
Arachne hits you with a staff of poison!!
* * * LOW HITPOINT WARNING * * *
Arachne envenoms you!
You die...

##.....# ###.....## #.
#......#####........## #.
#......##.......^^...## #.
##....................# #.
#....................# #.
#....................# #.
#...................## #.
##......H...........# #.
##......@..........## #.
#..................# ##
##..................####.
#........................
##.#.................#####
##.J##................# #
#.####...............## ##
### ##..............# ###.
#.............## #...


You could see Arachne.

Vanquished Creatures
  Rupert (D:15)
  Gastronok (Lair:1)
  Kirke (D:13)
  Agnes (Spider:1)
  2 orc warlords (Orc:2)
  Nessos (Lair:5)
  2 entropy weavers (Spider:1)
  A spark wasp (Spider:1)
  Josephine (D:15)
  A vault guard (D:13)
  Erolcha (Orc:1)
  4 boulder beetles
  5 centaur warriors
  2 death knights (D:13)
  2 jorogumos (Spider:1)
  11 hydras
  3 catoblepae (Lair:6)
  2 dancing weapons (D:14)
  4 two-headed ogres
  A two-headed ogre (shapeshifter) (D:13)
  2 tengu warriors
  A vampire mage (D:15)
  7 death yaks (Lair:6)
  An orc high priest (Orc:2)
  Nergalle (D:12)
  Sonja (Orc:2)
  2 pharaoh ants (Spider:1)
  6 skeletal warriors (D:15)
  2 bog bodies (Lair:4)
  3 steelbarb worms
  Pikel (D:9)
  3 orb spiders (Spider:1)
  5 orc knights
  A lindwurm (Lair:4)
  A tengu zombie (D:15)
  3 deep elf pyromancers
  A necromancer (D:15)
  10 wolf spiders
  16 ugly things
  5 orc sorcerers (Orc:2)
  8 cyclopes
  4 manticores
  3 moths of wrath
  A stone giant zombie (D:15)
  10 elephants (Lair:6)
  7 black mambas
  Maurice (Orc:2)
  A torpor snail (Spider:1)
  12 cane toads
  An unseen horror (shapeshifter) (D:15)
  A rime drake (Lair:3)
  A demonic crawler (Spider:1)
  8 komodo dragons
  A guardian mummy (D:15)
  A merfolk (D:10)
  3 hornets
  4 polar bears
  11 trolls
  15 meliai
  17 blink frogs
  5 tarantellas (Spider:1)
  A jumping spider (shapeshifter) (D:15)
  7 jumping spiders
  9 culicivoras
  6 wraiths
  An ettin skeleton (D:15)
  A spriggan (D:10)
  50 yaks
  A vampire (D:14)
  6 wyverns
  A fire elemental (D:14)
  3 hogs (D:13)
  3 steam dragons
  4 basilisks
  14 redbacks
  8 vampire mosquitoes
  3 wargs
  7 water moccasins
  31 orc warriors
  3 sky beasts
  2 ogres
  3 black bears
  An ice beast (D:6)
  16 centaurs
  8 wolves
  A phantom (D:7)
  2 kobold brigands
  16 bullfrogs
  2 gnoll sergeants
  3 scorpions
  A water moccasin skeleton (D:6)
  8 killer bees
  3 wights (D:8)
  3 electric eels
  A howler monkey (D:4)
  5 centaur zombies
  A bullfrog zombie (D:6)
  9 jellies
  2 gnoll shamans
  11 orc priests
  A bullfrog skeleton (D:5)
  4 iguanas
  2 centaur skeletons
  22 orc wizards
  A killer bee zombie (D:8)
  2 howler monkey zombies (D:9)
  15 gnolls
  A howler monkey skeleton (D:6)
  6 adders
  A shadow imp (D:7)
  An ufetubus (D:5)
  3 adder skeletons
  2 worms
  5 dart slugs
  48 orcs
  5 endoplasms
  3 giant cockroaches
  8 goblins
  4 hobgoblins
  10 jackals
  17 kobolds
  3 quokkas
  7 ball pythons
  4 bats
  2 frilled lizards (D:2)
  6 rats
  A butterfly (Lair:2)
675 creatures vanquished.

Vanquished Creatures (collateral kills)
  An emperor scorpion (Spider:1)
  A warg (Orc:1)
  A bullfrog (Lair:3)
  An orc wizard (Orc:1)
  An orc (Orc:1)
5 creatures vanquished.

Vanquished Creatures (others)
  A juggernaut zombie (D:15)
  A manticore (D:13)
  A culicivora (Spider:1)
  A basilisk (Lair:5)
  A warg (D:9)
  21 jellies
  A river rat (Orc:2)
  An orc (D:10)
  A quokka (D:12)
  A frilled lizard (D:1)
  40 fungi
  61 plants
  12 withered plants (D:15)
143 creatures vanquished.

Grand Total: 823 creatures vanquished

Notes
Turn   | Place    | Note
-------+----------+-------------------------------------------
     0 | D:1      | nojaa the Formicid Ice Elementalist began the quest for the
                  | Orb.
     0 | D:1      | Reached XP level 1. HP: 13/13 MP: 3/3
   298 | D:1      | Reached XP level 2. HP: 14/19 MP: 0/5
  1109 | D:1      | Reached XP level 3. HP: 24/24 MP: 2/6
  1151 | D:1      | Learned a level 3 spell: Frozen Ramparts
  1155 | D:1      | Learned a level 3 spell: Ozocubu's Armour
  1711 | D:2      | Found Liomusm's Book Shop.
  1742 | D:2      | Found a sacrificial altar of Ru.
  1782 | D:2      | Reached XP level 4. HP: 19/30 MP: 3/8
  2030 | D:2      | Became a worshipper of Ru the Awakened
  2500 | D:2      | Reached skill level 5 in Ice Magic
  2906 | D:3      | Found Bosunt's Antique Armour Shoppe.
  2914 | D:3      | Noticed a scorpion
  2925 | D:3      | Killed a scorpion
  2926 | D:3      | Reached XP level 5. HP: 30/35 MP: 0/10
  3101 | D:3      | Bought an embroidered robe for 74 gold pieces
  3117 | D:3      | Learned a level 4 spell: Hailstorm
  3251 | D:3      | Found a burning altar of Makhleb.
  3585 | D:3      | Gained mutation: You are missing an eye, making it more
                  | difficult to aim. [Ru sacrifice]
  3585 | D:3      | Reached * piety under Ru
  3735 | D:3      | Found an opulent altar of Gozag.
  3890 | D:4      | Reached XP level 6. HP: 41/41 MP: 7/11
  4048 | D:4      | Learned a level 1 spell: Sandblast
  4349 | D:4      | Reached skill level 6 in Ice Magic
  4420 | D:4      | You fall into a shaft and drop 1 floor!
  4420 | D:5      | Entered Level 5 of the Dungeon
  4432 | D:5      | Reached skill level 1 in Conjurations
  4432 | D:5      | Reached skill level 1 in Earth Magic
  4452 | D:5      | Reached XP level 7. HP: 46/46 MP: 5/13
  5441 | D:4      | Found a shimmering blue altar of Sif Muna.
  5486 | D:4      | Reached skill level 5 in Earth Magic
  5640 | D:4      | Got Sif Muna's Papyrus of Toxins
  5794 | D:4      | Reached XP level 8. HP: 44/52 MP: 6/14
  5933 | D:5      | Learned a level 3 spell: Stone Arrow
  5948 | D:5      | Identified the +3 hunting sling of Vanity {speed, Int+2}
  6366 | D:5      | Found Julentuo's Neck Hole.
  6373 | D:5      | Bought a scarf of repulsion for 156 gold pieces
  6695 | D:6      | Reached skill level 5 in Spellcasting
  6874 | D:6      | Found a staircase to the Ecumenical Temple.
  6881 | Temple   | Entered the Ecumenical Temple
  7908 | D:7      | Gained mutation: You cannot train Armour skill. [Ru
                  | sacrifice]
  7908 | D:7      | Reached ** piety under Ru
  8011 | D:7      | Found a blossoming altar of Fedhas.
  8079 | D:7      | Reached XP level 9. HP: 57/57 MP: 12/17
  8221 | D:7      | Found a white marble altar of Elyvilon.
  8221 | D:7      | Found a broken altar of Ashenzari.
  8258 | D:7      | Reached skill level 7 in Ice Magic
  8594 | D:7      | Found a snail-covered altar of Cheibriados.
  8689 | D:7      | Reached skill level 1 in Fighting
  9180 | D:2      | Bought Ozocubu's Autobiography for 240 gold pieces
  9670 | D:8      | Reached skill level 5 in Fighting
  9993 | D:8      | Reached XP level 10. HP: 77/77 MP: 14/20
 10651 | D:9      | Noticed a cyclops
 11027 | D:9      | Gained mutation: You are somewhat unskilled. (-1 Apt) [Ru
                  | sacrifice]
 11027 | D:9      | Reduced skill Ice Magic to level 6
 11027 | D:9      | Reduced skill Earth Magic to level 5
 11027 | D:9      | Reached *** piety under Ru
 11042 | D:9      | Noticed Pikel
 11047 | D:9      | Killed Pikel
 11478 | D:9      | Noticed a two-headed ogre
 11591 | D:9      | Found a staircase to the Lair.
 11604 | D:10     | Entered Level 10 of the Dungeon
 11613 | D:10     | Reached skill level 7 in Ice Magic
 12108 | D:10     | Noticed a cyclops
 12123 | D:10     | Noticed a tengu warrior
 12124 | D:10     | Reached XP level 11. HP: 87/89 MP: 7/20
 12854 | D:11     | Noticed a cyclops
 12916 | D:10     | Reached skill level 8 in Ice Magic
 12932 | D:10     | Killed a tengu warrior
 12933 | D:10     | Reached skill level 10 in Fighting
 13131 | D:10     | Killed a cyclops
 14179 | D:9      | Killed a cyclops
 14180 | D:9      | Reached skill level 9 in Ice Magic
 14651 | D:11     | Noticed a boulder beetle
 14676 | D:11     | Noticed a boulder beetle
 14719 | D:11     | Killed a cyclops
 14812 | D:11     | Noticed a seven-headed hydra
 14854 | D:12     | Found a white marble altar of Elyvilon.
 15132 | D:12     | Noticed a manticore
 15145 | D:12     | Killed a manticore
 15350 | D:12     | Found a staircase to the Orcish Mines.
 15377 | D:12     | Noticed a seven-headed hydra
 16089 | D:13     | Noticed a two-headed ogre
 16091 | D:13     | Noticed Kirke
 16092 | D:13     | Noticed a manticore
 16109 | D:13     | Killed a manticore
 16112 | D:13     | Noticed a death knight
 16118 | D:13     | Noticed a lindwurm
 16135 | D:13     | Gained mutation: You are missing a hand. [Ru sacrifice]
 16135 | D:13     | Reached **** piety under Ru
 16135 | D:13     | Reached ***** piety under Ru
 16139 | D:13     | Noticed a vault guard
 16213 | D:13     | Noticed a deep elf pyromancer
 16222 | D:13     | Killed a deep elf pyromancer
 16228 | D:13     | Killed a vault guard
 16354 | D:13     | Reached XP level 12. HP: 80/83 MP: 18/21
 16605 | D:12     | Noticed Nergalle
 16608 | D:12     | Noticed a boulder beetle
 16609 | D:12     | Killed Nergalle
 16609 | D:12     | Killed a boulder beetle
 16610 | D:12     | Reached skill level 10 in Ice Magic
 16727 | D:12     | Identified the +10 lajatang of Kedojeg {flame, +Blink Str+5
                  | Dex-3}
 17065 | Lair:1   | Entered Level 1 of the Lair of Beasts
 17067 | Lair:1   | Identified the +8 hand crossbow of Equa {speed, rElec}
 17214 | Lair:1   | Noticed Gastronok
 17807 | Lair:2   | Noticed a five-headed hydra
 17808 | Lair:2   | Killed a five-headed hydra
 17809 | Lair:2   | Reached skill level 11 in Ice Magic
 18615 | D:11     | Killed a seven-headed hydra
 18667 | D:11     | Gained mutation: You cannot be stealthy. [Ru sacrifice]
 18667 | D:11     | Reached ****** piety under Ru
 18780 | D:11     | Killed a boulder beetle
 18781 | D:11     | Reached skill level 12 in Ice Magic
 18908 | D:11     | Killed a boulder beetle
 19525 | Lair:1   | Killed Gastronok
 19529 | Lair:1   | Reached XP level 13. HP: 75/97 MP: 3/22
 19805 | Lair:1   | Reached XP level 14. HP: 104/104 MP: 23/23
 22293 | D:13     | Found a portal to a secret trove of treasure.
 22398 | D:13     | Reached skill level 10 in Dodging
 22703 | D:13     | Killed Kirke
 25903 | Lair:4   | Found a hole to the Spider Nest.
 26398 | Lair:4   | Reached XP level 15. HP: 110/111 MP: 21/26
 26503 | Lair:4   | You fall into a shaft and drop 1 floor!
 27186 | Lair:4   | Found a staircase to the Swamp.
 28282 | D:14     | Found a gate to the Vaults.
 28292 | D:14     | Identified 2 scrolls of acquirement
 28292 | D:14     | Acquired the Papyrus of Battle Magic
 28300 | D:14     | Learned a level 5 spell: Freezing Cloud
 28316 | D:14     | Acquired 1139 gold pieces
 28645 | D:14     | Reached skill level 1 in Air Magic
 28999 | D:15     | Entered Level 15 of the Dungeon
 29665 | D:15     | Noticed Josephine
 29671 | D:15     | Killed Josephine
 29672 | D:15     | Reached skill level 5 in Conjurations
 29960 | D:15     | Found a staircase to the Depths.
 30448 | D:15     | Noticed Rupert
 30452 | D:15     | Killed Rupert
 30755 | D:15     | Learned a level 5 spell: Lee's Rapid Deconstruction
 31381 | D:15     | Found a staircase to the Depths.
 32511 | Lair:5   | Reached XP level 16. HP: 116/116 MP: 23/29
 32537 | Lair:5   | Noticed Nessos
 32541 | Lair:5   | Killed Nessos
 32552 | Lair:5   | Reached skill level 5 in Air Magic
 32996 | Lair:5   | Found a staircase to the Slime Pits.
 32997 | Lair:5   | Found a viscous altar of Jiyva.
 33439 | Lair:6   | Entered Level 6 of the Lair of Beasts
 33465 | Lair:5   | Learned a level 7 spell: Ozocubu's Refrigeration
 36059 | Lair:6   | Got Sif Muna's Reference Book on Ghastly Execration
 36393 | Lair:5   | Fell from the grace of Ru
 36393 | Lair:5   | Became a worshipper of Jiyva Jayx the Shapeless
 36396 | Slime:1  | Entered Level 1 of the Pits of Slime
 36396 | Slime:1  | Noticed a rockslime
 36401 | Slime:1  | Noticed an acid blob
 36401 | Slime:1  | Noticed an acid blob
 36404 | Slime:2  | Noticed Dissolution
 36425 | Slime:3  | Found a viscous altar of Jiyva.
 36427 | Slime:3  | Noticed an azure jelly
 36469 | Slime:4  | Noticed an acid blob
 36469 | Slime:4  | Noticed an acid blob
 36476 | Slime:5  | Entered Level 5 of the Pits of Slime
 36476 | Slime:5  | Noticed an acid blob
 36476 | Slime:5  | Noticed an acid blob
 36614 | Slime:3  | Noticed an acid blob
 36649 | Slime:3  | Noticed a rockslime
 36755 | Slime:3  | Noticed a rockslime
 36765 | Slime:1  | Noticed an azure jelly
 36777 | Slime:2  | Noticed an azure jelly
 36990 | Orc:1    | Entered Level 1 of the Orcish Mines
 36997 | Orc:1    | Noticed Erolcha
 37001 | Orc:1    | Killed Erolcha
 37005 | Orc:1    | Reached skill level 13 in Ice Magic
 38474 | Orc:2    | Entered Level 2 of the Orcish Mines
 38516 | Orc:2    | Reached * piety under Jiyva
 38580 | Orc:2    | Noticed Sonja
 38593 | Orc:2    | Killed Sonja
 39022 | Orc:2    | Found a staircase to the Elven Halls.
 39083 | Elf:1    | Entered Level 1 of the Elven Halls
 39221 | Orc:2    | Noticed Maurice
 39233 | Orc:2    | Killed Maurice
 39430 | Orc:2    | Reached XP level 17. HP: 130/131 MP: 24/30
 39895 | Orc:2    | Found Fusuneq's Book Shop.
 39905 | Orc:2    | Found Moade's General Store.
 39947 | Orc:2    | Bought 2 potions of resistance for 260 gold pieces
 39947 | Orc:2    | Bought a phial of floods for 520 gold pieces
 39963 | Orc:2    | Bought a book of Cantrips for 156 gold pieces
 40051 | Orc:2    | Reached ** piety under Jiyva
 40071 | Orc:2    | Found Errif's Antique Weapon Shop.
 40091 | Orc:2    | Found a large runed translucent door.
 40100 | Orc:2    | Found Utun's Antique Armour Shop.
 40157 | Orc:2    | Found a large runed translucent door.
 40158 | Orc:2    | Noticed waddelsworth's ghost (journeyman GrEE)
 40483 | Spider:1 | Entered Level 1 of the Spider Nest
 40486 | Spider:1 | Reached skill level 10 in Spellcasting
 40556 | Spider:1 | Reached skill level 10 in Earth Magic
 40721 | Spider:1 | Noticed Agnes
 40726 | Spider:1 | Killed Agnes
 41048 | Spider:1 | Reached skill level 14 in Ice Magic
 42199 | Spider:2 | Reached *** piety under Jiyva
 42281 | Spider:2 | Noticed Arachne
 42394 | Spider:1 | Was placed under penance by Jiyva
 42396 | Spider:1 | HP: 6/199 [something (12)]
 43344 | Spider:1 | Slain by Arachne

Illustrated notes

Levels and vault maps discovered:
D:1:      dpeg_arrival_round_b, layout_loops_cross
D:2:      layout_basic, serial_shops, shop_coins, basic_altar
D:3:      layout_loops_ring, mainiacjoe_overflow_concentric_impassable,
          lightli_temple_of_fire, serial_shops, nicolae_square_shop,
          grunt_ministairs_13, minmay_goblin_kobold_house
D:4:      layout_basic, led_sif_book, moated_statue, minmay_pentomino_pile
D:5:      layout_rooms, chequers_serial_rivers_micro_b,
          nicolae_shop_sticking_my_neck_out
D:6:      layout_loops_ring, temple_green
D:7:      layout_basic, kennysheep_slug_shrine, fedhas_altar_4,
          jmf_multi_god_temple, nicolae_concentric_dashed_squares_mild,
          kennysheep_minor_cross, chequers_serial_rivers_micro_e,
          minmay_misc_feat_x, minmay_misc_feat_tiny
D:8:      layout_basic, lemuel_flamethrower_1
D:9:      layout_loops_ring, erik_lair_orcish_takeover, uniq_pikel
D:10:     layout_cave_pods, hangedman_stone_soup, minmay_chambers_of_fives
D:11:     layout_gridville, serial_glass, glass_columns_a, glass_columns_a
D:12:     layout_cave_pools, orc_0_dummy, elyvilon_altar_4, uniq_nergalle
D:13:     layout_grid_maze, enter_trove_5, grunt_ministairs_6, uniq_kirke
D:14:     layout_loops_corners, erik_vaults_1, nicolae_lava_and_water
D:15:     gammafunk_depths_entry_grave, layout_rooms, uniq_rupert,
          uniq_josephine
Temple:   regret_index_temple_generic_petals
Lair:1:   layout_chaotic_city, beast_lair_carwin_3, uniq_gastronok
Lair:2:   layout_cave_pods, infiniplex_staircase_pool_2, lemuel_fruit_fields
Lair:3:   layout_cave_pods
Lair:4:   cheibrodos_lair_overgrown_chateau, layout_loops_ring,
          skrybe_swamp_entry_bodies, spider_nest_entry_web_field
Lair:5:   layout_roguey, slime_altar_1, uniq_nessos
Lair:6:   evilmike_catoblepas_cave, layout_cave_pods
Spider:1: layout_cave_pods, hangedman_spider_tarantella_strand, uniq_agnes
Spider:2: layout_spider_delve, uniq_arachne
Slime:1:  layout_caves
Slime:2:  layout_caves, dissolution_awaits
Slime:3:  cheibrodos_slime_lost_civilization_1, layout_caves, basic_altar
Slime:4:  layout_caves, uniq_dissolution
Slime:5
Orc:1:    layout_diamond_mine, uniq_erolcha
Orc:2:    grunt_orc_cross, layout_caves, ebering_ghost_disaster_area,
          uniq_maurice, uniq_sonja
Elf:1:    minmay_elf_arrival_summoners, layout_loops_cross,
          hangedman_corner_corridor, fountainhead

Skill      XL: |  1  2  3  4  5  6  7  8  9 10 11 12 13 14 15 16 17 |
---------------+----------------------------------------------------+-----
Stealth        | 3 2 0 |  0.0
Ice Magic      | 5 6 7 7 9 12 13 14 | 14.7
Spellcasting   | 3 4 5 7 6 7 9 10 | 10.7
Conjurations   | 1 3 4 4 7 8 |  8.2
Earth Magic    | 3 6 6 9 11 | 11.0
Fighting       | 6 9 11 12 | 12.0
Dodging        | 4 8 12 | 12.0
Air Magic      | 4 5 |  5.1

Action                   |  1- 3 |  4- 6 |  7- 9 | 10-12 | 13-15 | 16-18 || total
-------------------------+-------+-------+-------+-------+-------+-------++-------
Melee: Unarmed           |    15 |    20 |    30 |       |       |       ||    65
       Punch             |     1 |       |       |       |       |       ||     1
       Hunting sling     |       |       |       |       |     1 |       ||     1
       Lajatang          |       |       |       |       |     3 |       ||     3
       Staff             |       |       |       |       |       |     2 ||     2
 Fire: Hunting sling     |       |       |     8 |     1 |    16 |       ||    25
Throw: Stone             |       |     2 |       |       |       |       ||     2
       Dart              |       |       |       |     6 |       |    19 ||    25
       Throwing net      |       |       |       |     1 |       |       ||     1
 Cast: Freeze            |    48 |    56 |    86 |   182 |   153 |   116 ||   641
       Frozen Ramparts   |       |     7 |    21 |    34 |    37 |     6 ||   105
       Ozocubu's Armour  |       |     4 |     1 |    20 |    36 |    14 ||    75
       Sandblast         |       |     5 |    38 |    54 |   129 |    84 ||   310
       Hailstorm         |       |       |       |     6 |    26 |    13 ||    45
       Stone Arrow       |       |       |       |     1 |    27 |    57 ||    85
       Freezing Cloud    |       |       |       |       |    16 |    38 ||    54
       Lee's Rapid Decon |       |       |       |       |     3 |    52 ||    55
       Ozocubu's Refrige |       |       |       |       |       |    51 ||    51
Invok: Sacrifice an Eye  |       |     1 |       |       |       |       ||     1
       Sacrifice Durabil |       |       |     1 |       |       |       ||     1
       Sacrifice Skill   |       |       |       |     1 |       |       ||     1
       Apocalypse        |       |       |       |     8 |    12 |     4 ||    24
       Sacrifice a Hand  |       |       |       |     1 |       |       ||     1
       Sacrifice Stealth |       |       |       |     1 |       |       ||     1
 Abil: Dig               |     1 |     1 |     4 |    11 |     3 |     3 ||    23
Evoke: Wand              |       |       |       |       |    16 |    17 ||    33
       Piece from Xom's  |       |       |       |       |     2 |       ||     2
       Phantom mirror    |       |       |       |       |       |     1 ||     1
       Phial of floods   |       |       |       |       |       |     1 ||     1
  Use: Scroll            |     3 |     3 |    11 |     8 |    14 |     8 ||    47
       Potion            |       |     4 |       |       |     4 |     7 ||    15
 Stab: Sleeping          |       |       |     1 |       |       |       ||     1
Armor: Robe              |     8 |    11 |    31 |    71 |    89 |   102 ||   312
       Skin              |       |    14 |       |       |       |    37 ||    51
Dodge: Dodged            |    30 |    35 |   103 |   232 |   252 |   264 ||   916
       Repelled          |       |       |     1 |     1 |     3 |     3 ||     8
